 Dungeon Crawl Stone Soup version 0.22-a0-425-g89d60a1 (webtiles) character file.

1332 theanonym the Cutter (level 8, -19/64 HPs)
             Began as a Mummy Enchanter on May 24, 2018.
             Was a Follower of Okawaru.
             Killed from afar by zero's ghost (34 damage)
             ... with a stone arrow
             ... on level 6 of the Dungeon.
             The game lasted 00:11:08 (7423 turns).

theanonym the Cutter (Mummy Enchanter)              Turns: 7423, Time: 00:11:09

Health: -19/64     AC:  7    Str: 13    XL:     8   Next: 34%
Magic:  4/4        EV:  9    Int: 14    God:    Okawaru [*.....]
Gold:   257        SH:  0    Dex: 13    Spells: 11/12 levels left

rFire    x . .     SeeInvis .   b - +1 rapier (antimagic)
rCold    + . .     Gourm    .   (no shield)
rNeg     + + +     Faith    .   d - +0 scale mail (curse)
rPois    ∞         Spirit   .   (no helmet)
rElec    .         Reflect  .   (no cloak)
rCorr    .         Harm     .   (no gloves)
MR       +....                  (no boots)
Stlth    ..........             (no amulet)
HPRegen  0.20/turn              i - +1 ring of protection
MPRegen  0.09/turn              j - ring of loudness (curse)

@: no status effects
A: no food or potions, fire vulnerability, cold resistance 1, negative energy
resistance 3, torment resistance, unbreathing
a: Heroism, Renounce Religion


Innate Abilities, Weirdness & Mutations

You do not eat or drink.
Your flesh is vulnerable to fire.
You are immune to poison.
Your flesh is cold resistant. (rC+)
You are immune to negative energy. (rN+++)
You are immune to unholy pain and torment.
You can survive without breathing.


   Skills:
 + Level 5.6 Fighting
 * Level 7.0 Short Blades
 - Level 1.5 Dodging
 - Level 2.4 Stealth
 - Level 2.6 Spellcasting
 - Level 2.6 Hexes


You had 11 spell levels left.
You knew the following spells:

 Your Spells              Type           Power        Failure   Level  Hunger
a - Corona                Hex            #......      36%         1    N/A

Your spell library contained the following spells:

 Spells                   Type           Power        Failure   Level  Hunger
 Magic Dart               Conj           #...         73%         1    N/A
 Conjure Flame            Conj/Fire      #.......     97%         3    N/A
 Slow                     Hex            #.......     50%         2    N/A
 Confuse                  Hex            #.......     73%         3    N/A
 Mephitic Cloud           Conj/Pois/Air  #.......     97%         3    N/A
 Blink                    Tloc           N/A          86%         2    N/A
 Call Imp                 Summ           #.......     86%         2    N/A
 Tukima's Dance           Hex            #.......     73%         3    N/A
 Spider Form              Tmut/Pois      #.........   97%         3    N/A
 Blade Hands              Tmut           #.........   100%        5    N/A
 Ice Form                 Ice/Tmut       #.......     100%        4    N/A
 Sticks to Snakes         Tmut           #.......     86%         2    N/A
 Ensorcelled Hibernation  Hex/Ice        #.....       67%         2    N/A
 Beastly Appendage        Tmut           #.....       73%         1    N/A
 Dazzling Spray           Conj/Hex       #.....       88%         3    N/A

Skill      XL: |  1  2  3  4  5  6  7  8 |
---------------+-------------------------+-----
Short Blades   | 1 2 3 4 5 6 7 |  7.0
Fighting       | 1 2 3 5 |  5.6
Dodging        | |  1.5
Stealth        | |  2.4
Spellcasting   | |  2.6
Hexes          | |  2.6

Action                   |  1- 3 |  4- 6 |  7- 9 || total
-------------------------+-------+-------+-------++-------
Melee: Dagger            |   149 |   229 |   185 ||   563
       Rapier            |       |       |   107 ||   107
Throw: Throwing net      |       |     1 |       ||     1
 Cast: Corona            |     3 |       |       ||     3
  Use: Scroll            |       |     4 |     2 ||     6
 Stab: Sleeping          |     4 |     2 |       ||     6
Armor: Robe              |    31 |       |       ||    31
       Ring mail         |    12 |    31 |       ||    43
       Scale mail        |       |    35 |    80 ||   115
Dodge: Dodged            |   104 |    86 |    89 ||   279

Inventory:

Hand Weapons
 a - a +1 dagger of venom
   (You took it off a goblin on level 1 of the Dungeon)
 b - a +1 antimagic rapier (weapon)
   (You took it off Duvessa on level 4 of the Dungeon)
 f - a +0 rapier
   (You found it on level 4 of the Dungeon)
 h - a +3 dagger
   (You took it off Dowan on level 4 of the Dungeon)
Armour
 d - a cursed +0 scale mail (worn)
   (You found it on level 3 of the Dungeon)
Jewellery
 c - an uncursed ring of ice
   (You found it on level 4 of the Dungeon)
 i - a +1 ring of protection (left hand)
   (You found it on level 2 of the Dungeon)
 j - a cursed ring of loudness (right hand)
   (You found it on level 4 of the Dungeon)
Wands
 m - a wand of paralysis (16)
   (You found it on level 5 of the Dungeon)
Scrolls
 e - 2 scrolls of enchant armour
 g - a scroll of amnesia {unknown}
 k - a scroll of random uselessness {unknown}
 l - a scroll of noise {unknown}
 n - a scroll of remove curse
 t - a scroll of teleportation {!r}
 y - a scroll of magic mapping


You were on level 6 of the Dungeon.
You worshipped Okawaru.
Okawaru was aware of your devotion.
You were not hungry.

You visited 1 branch of the dungeon, and saw 6 of its levels.

You collected 257 gold pieces.

Dungeon Overview and Level Annotations

Branches:
Dungeon (6/15)
 Temple: D:4-7

Altars:
Okawaru
Qazlal
Ru
Zin

Annotations:
D:3 Menkaure
D:6 zero's ghost, novice TrEE

..# ..#
#.# #.#
#.# . #.##
.F.
###F.#..#
#@Wa....#
####..#..#
.....
#.#.... ..
.## .#. #
..# . #


You could see a bullfrog, a worker ant and zero's ghost.

Notes
Turn   | Place    | Note
-------+----------+-------------------------------------------
     0 | D:1      | theanonym the Mummy Enchanter began the quest for the Orb.
     0 | D:1      | Reached XP level 1. HP: 13/13 MP: 4/4
    52 | D:1      | Reached skill level 1 in Short Blades
   173 | D:1      | HP: 6/13 [bat (1)]
   178 | D:1      | HP: 6/13 [kobold/whip (1)]
   552 | D:1      | Reached XP level 2. HP: 15/20 MP: 5/5
   772 | D:1      | Reached skill level 1 in Fighting
   952 | D:1      | HP: 10/21 [jackal (3)]
   958 | D:1      | HP: 8/21 [jackal (2)]
   963 | D:1      | Reached skill level 2 in Short Blades
   964 | D:1      | HP: 5/21 [jackal (1)]
  1414 | D:1      | Reached XP level 3. HP: 26/26 MP: 7/7
  2096 | D:2      | Found a stormy altar of Qazlal.
  2251 | D:2      | Reached skill level 2 in Fighting
  2251 | D:2      | Reached XP level 4. HP: 25/33 MP: 8/8
  2699 | D:3      | Reached skill level 3 in Short Blades
  2897 | D:3      | Noticed Findor's ghost (amateur OpTm)
  2917 | D:3      | HP: 16/34 [Findor's ghost (5)]
  2923 | D:3      | HP: 12/34 [Findor's ghost (2)]
  2924 | D:3      | Killed Findor's ghost
  2924 | D:3      | Reached skill level 3 in Fighting
  2924 | D:3      | Reached XP level 5. HP: 15/41 MP: 9/9
  2992 | D:3      | Noticed a sky beast
  3277 | D:3      | Reached skill level 4 in Short Blades
  3277 | D:3      | Reached XP level 6. HP: 47/47 MP: 10/10
  3306 | D:3      | Found an iron altar of Okawaru.
  3361 | D:3      | HP: 22/47 [orc priest/club (3)]
  3796 | D:3      | Became a worshipper of Warmaster Okawaru
  4498 | D:4      | Noticed Menkaure
  4521 | D:4      | HP: 16/47 [Menkaure (12)]
  4795 | D:4      | Reached skill level 5 in Short Blades
  4914 | D:4      | Reached XP level 7. HP: 53/53 MP: 11/11
  4971 | D:4      | HP: 24/53 [something (6)]
  4988 | D:4      | Reached skill level 4 in Fighting
  5231 | D:4      | Noticed Duvessa
  5231 | D:4      | Noticed Dowan
  5274 | D:4      | Killed Duvessa
  5274 | D:4      | Reached * piety under Okawaru
  5291 | D:4      | HP: 26/55 [Dowan/enchanted dagger (4)]
  5298 | D:4      | HP: 26/55 [Dowan/enchanted dagger (2)]
  5302 | D:4      | HP: 8/55 [Dowan/enchanted dagger (5)]
  5465 | D:4      | HP: 23/55 [Dowan/stone arrow (6)]
  5467 | D:4      | Killed Dowan
  6001 | D:5      | Entered Level 5 of the Dungeon
  6030 | D:5      | Found a glowing silver altar of Zin.
  6073 | D:5      | HP: 22/55 [phantom (7)]
  6078 | D:5      | HP: 21/55 [phantom (2)]
  6085 | D:5      | Reached skill level 6 in Short Blades
  6327 | D:5      | HP: 19/55 [ogre/giant club (21)]
  6338 | D:5      | Reached skill level 5 in Fighting
  6338 | D:5      | Reached XP level 8. HP: 24/62 MP: 5/12
  6546 | D:5      | Found a sacrificial altar of Ru.
  6954 | D:5      | Noticed Grinder
  6969 | D:5      | Killed Grinder
  7319 | D:5      | Reached skill level 7 in Short Blades
  7360 | D:6      | Noticed zero's ghost (novice TrEE)
  7405 | D:6      | HP: 32/64 [zero's ghost/blast of sand (7)]
  7415 | D:6      | HP: 21/64 [zero's ghost (8)]
  7422 | D:6      | HP: 15/64 [zero's ghost (7)]
  7423 | D:6      | Killed from afar by zero's ghost

Vanquished Creatures
  Grinder (D:5)
  The ghost of Findor the Insei, an amateur OpTm (D:3)
  Duvessa (D:4)
  A sky beast (D:4)
  A phantom (D:5)
  2 ogres
  Dowan (D:4)
  2 crimson imps (D:5)
  2 orc priests (D:3)
  2 hounds (D:4)
  An orc wizard (D:3)
  A worker ant (D:4)
  16 adders
  3 oozes
  An adder skeleton (D:5)
  3 worms
  2 dart slugs
  4 leopard geckos
  10 orcs
  2 giant cockroaches
  9 goblins
  7 hobgoblins
  7 jackals
  A quokka (D:4)
  A ball python (D:2)
  12 bats
  3 frilled lizards
  6 kobolds
  A quokka zombie (D:5)
  10 rats
114 creatures vanquished.

Table legend:
 A = Turns spent in this place as a percentage of turns spent in the entire game.
 B = Non-inter-level travel turns spent in this place as a percentage of non-inter-level travel turns spent in the entire game.
 C = Inter-level travel turns spent in this place as a percentage of turns spent in this place.
 D = Turns resting spent in this place as a percentage of non-inter-level travel turns spent in this place.
 E = Turns spent auto-exploring this place as a percentage of non-inter-level travel turns spent in this place.
 F = Non-inter-level travel turns spent in this place divided by the number of levels of this place that you've seen.
                   A       B       C       D       E      F
               +-------+-------+-------+-------+-------+----------------------
         Total | 100.0 | 100.0 |   4.0 |  40.5 |  39.3 | 1188.0
       Dungeon | 100.0 | 100.0 |   4.0 |  40.5 |  39.3 | 1188.0
               +-------+-------+-------+-------+-------+----------------------
